 Zot Defence DCSS version 0.15.2 (webtiles) character file.

385 WellDressedCM the Shield-Bearer (level 7, -29/47 HPs)
             Began as a Halfling Fighter on July 8, 2015.
             Was an Initiate of Trog.
             Killed by an exploding giant spore (31 damage)
             ... summoned by the player character
             ... set off by their pet
             ... in the Realm of Zot (Scenario I: Hall of Zot).
             The game lasted 00:15:17 (731 turns).

WellDressedCM the Shield-Bearer (Halfling Fighter)   Turns: 731, Time: 00:15:18

HP -29/47        AC  7     Str 18      XL: 7   Next:  6%
MP   7/7         EV 10     Int  7      God: Trog [......]
Gold 0           SH  0     Dex 14      Spells:  0 memorised,  6 levels left

rFire  . . .     SeeInvis .     a - +0 cutlass
rCold  . . .     Clarity  .     b - +0 scale mail
rNeg   . . .     rCorr    .     c - +0 buckler
rPois  .         rRot     .     (no helmet)
rElec  .         Spirit   .     (no cloak)
SustAb .         Warding  .     (no gloves)
rMut   .         Stasis   .     (no boots)
Gourm  .                        (no amulet)
MR     .....                    (no ring)
                                (no ring)

@: confused, lethally poisoned, not resistant to hostile enchantments, extremely
unstealthy
A: mutation resistance 1
a: Make oklob sapling, Make arrow trap, Make plant, Remove Curse, Make burning
bush, Make altar, Make grenades, Make oklob plant, Burn Spellbooks, Renounce
Religion


You were in the Realm of Zot.
You worshipped Trog.
Trog was noncommittal.
You were not hungry.

You visited 1 branch

Inventory:

Hand weapons
 a - a +0 cutlass (weapon)
Missiles
 m - 3 stones (quivered)
Armour
 b - a +0 scale mail (worn)
 c - a +0 buckler (worn)
Comestibles
 f - a bread ration
Scrolls
 k - a scroll of blinking
Potions
 d - a potion of curing
 h - a potion of haste
 i - 2 potions of magic
 j - a potion of berserk rage


   Skills:
 + Level 3.7 Fighting
 + Level 4.7 Short Blades
 + Level 4.4 Armour
 + Level 2.9 Dodging
 + Level 4.9 Shields


You had 6 spell levels left.
You didn't know any spells.

Dungeon Overview and Level Annotations

Branches:
    Zot (1/1)

Altars:
Trog


Innate Abilities, Weirdness & Mutations

You are small and have problems with some larger weapons.
You are somewhat resistant to further mutation.


Message History

The hound bites your oklob sapling but does no damage.
You block the quokka's attack.
The green rat bites you but does no damage.
The green rat bites your oklob sapling but does no damage.
The adder barely misses you. The quokka bites you.
* * * LOW HITPOINT WARNING * * *
The adder barely misses you. You block the green rat's attack.
Your giant spore explodes!
The hound appears confused.
The explosion of spores engulfs the hound.
The hound dies!
You have reached level 7!
Your Zot abilities now extend through the making of oklob plants.
The explosion of spores engulfs your giant spore.
Your giant spore explodes!
The explosion of spores engulfs you!
You are confused.
Ouch! That really hurt!
You die...

▓▓▓▓▓▓▓▓ ▓▓▓▓▓▓▓▓ ....▓▓▓▓
▓▓▓▓.... .......▓▓▓ ▓▓▓.......
.........▓▓ ▓▓.........
..........▓ ▓▓▓▓▓▓▓▓▓ ▓..........
..........▓▓▓.......▓▓▓..........
..........▓▓.........▓▓..........
..........▓....r.%..h.▓..........
..........^).P.r@%..Pr^..........
..........▓....S%...%%▓%.........
..........▓▓.........▓▓..........
..........▓▓▓.......▓▓▓..........
..........# ▓▓▓▓▓▓▓▓▓ #..........
.........## ##.........
.......### ###....... ....####
####.... ######### #########


You could see a hound, an adder, 2 green rats, a quokka and 2 friendly oklob
saplings.

Vanquished Creatures
  An iguana (Zot)
  A quokka (Zot)
  6 oozes (Zot)
  A goblin (Zot)
  3 hobgoblins (Zot)
  3 kobolds (Zot)
  A ball python (Zot)
  8 bats (Zot)
  A giant newt (Zot)
  3 rats (Zot)
28 creatures vanquished.

Vanquished Creatures (collateral kills)
  A giant frog (Zot)
  2 hounds (Zot)
  An adder (Zot)
  2 orcs (Zot)
  A giant cockroach (Zot)
  3 goblins (Zot)
  3 ball pythons (Zot)
  5 bats (Zot)
  2 giant newts (Zot)
  4 kobolds (Zot)
  A rat (Zot)
25 creatures vanquished.

Vanquished Creatures (others)
  An oklob sapling (Zot)
  A quokka (Zot)
  A jackal (Zot)
  A rat (Zot)
4 creatures vanquished.

Grand Total: 57 creatures vanquished

Notes
Turn   | Place    | Note
--------------------------------------------------------------
     0 | Zot      | WellDressedCM, the Halfling Fighter, began the quest for the Orb.
     0 | Zot      | Reached XP level 1. HP: 15/15 MP: 1/1
   215 | Zot      | Reached XP level 2. HP: 20/20 MP: 2/2
   247 | Zot      | Reached XP level 3. HP: 18/25 MP: 3/3
   416 | Zot      | Reached XP level 4. HP: 31/31 MP: 4/4
   467 | Zot      | Reached skill level 4 in Shields
   529 | Zot      | Reached skill level 1 in Dodging
   532 | Zot      | Noticed Skeahoh
   544 | Zot      | Killed Skeahoh the giant frog
   544 | Zot      | Reached XP level 5. HP: 15/36 MP: 5/5
   544 | Zot      | Reached XP level 6. HP: 17/42 MP: 6/6
   605 | Zot      | Became a worshipper of Trog the Wrathful
   731 | Zot      | HP: 2/43 [quokka (2)]
   731 | Zot      | Reached XP level 7. HP: 2/47 MP: 7/7
   731 | Zot      | Killed by an exploding giant spore... set off by their pet

Action                   |  1- 3 |  4- 6 |  7- 9 || total
-------------------------+-------+-------+-------++-------
Melee: Cutlass           |    60 |    78 |       ||   138
 Abil: Make oklob saplin |     1 |     2 |       ||     3
       Make arrow trap   |     1 |     1 |       ||     2
       Make altar        |       |     1 |       ||     1
       Make grenades     |       |     1 |       ||     1
  Use: Potion            |       |     4 |       ||     4
